AoeStats
← Santi Povs

Arena

510213184Analyzed
2v2 RM · 2d ago on Sep 30, 2026· 30m 5s· 4 players
Game mode
Random Map
Map size
Medium (4 player)
Population
200
Speed
Normal
Resources
Standard
Victory
Conquest
Starting age
Dark Age
Ending age
Imperial Age
RankedLock teamsTeams togetherTeam positionsShared explorationLock speedFull tech treeHidden civsTurbo modeCheats
Victory
Defeat
🇨🇴 Celts · Colombia
1010
+15
🇨🇴 Saxons · Colombia
971
+17
🇨🇴 Khmer · Colombia
982
-16
🇨🇴 Turks · Colombia
981
-16
KilL3R
11:46 Feudal Age
10:01 Loom
16:15 Castle Age
16:02 Horse Collar
16:12 Double-Bit Axe
18:52 Scale Barding Armor
22:36 Bloodlines
22:40 Light Cavalry
Shakita
15:06 Feudal Age
19:23 Castle Age
17:10 Loom
21:33 Scale Mail Armor
Santi Povs
10:26 Feudal Age
14:08 Castle Age
13:05 Double-Bit Axe
18:12 Loom
22:14 Pikeman
24:42 Bow Saw
25:37 Wheelbarrow
24:49 Town Watch
25:13 Horse Collar
25:37 Scale Mail Armor
31:36 Imperial Age
30:55 Hand Cart
El Ogro
10:16 Feudal Age
11:50 Loom
15:02 Castle Age
14:29 Double-Bit Axe
14:29 Horse Collar
16:49 Scale Mail Armor
27:06 Fletching
Connection lost

Rejoining the realm…

Still unreachable

The connection could not be restored.

Session expired

The server has moved on; the page needs a fresh start.